 Dungeon Crawl Stone Soup version 0.20-a0-259-gc929cd2 (webtiles) character file.

4 Demogavin the Grave Robber (level 1, -1/13 HPs)
             Began as a Human Wanderer on Dec 2, 2016.
             Was an Initiate of Ashenzari.
             Slain by an orc
             ... wielding a +0 hand axe
              (2 damage)
             ... on level 4 of the Dungeon.
             The game lasted 00:03:17 (516 turns).

Demogavin the Grave Robber (Human Wanderer)          Turns: 516, Time: 00:03:17

Health: -1/13      AC:  2    Str: 13    XL:     1   Next: 77%
Magic:  2/2        EV: 10    Int: 10    God:    Ashenzari [......]
Gold:   23         SH:  4    Dex: 13    Spells: 0/2 levels left

rFire  . . .     SeeInvis .     i - +2 mace (crush)
rCold  . . .     Gourm    .     d - +0 robe
rNeg   . . .     Faith    .     c - +1 buckler
rPois  .         Spirit   .     (no helmet)
rElec  .         Reflect  .     (no cloak)
rCorr  .         Harm     .     (no gloves)
MR     .....                    (no boots)
Stlth  ++........               (no amulet)
                                (no ring)
                                (no ring)

@: no status effects
A: no striking features
a: Curse Item, Renounce Religion


You were on level 4 of the Dungeon.
You worshipped Ashenzari.
Ashenzari was noncommittal.
You were not hungry.

You visited 1 branch of the dungeon, and saw 4 of its levels.

You collected 23 gold pieces.

Inventory:

Hand Weapons
 i - a +2 mace of crushing (weapon)
Missiles
 e - 15 stones (quivered)
Armour
 c - a +1 buckler (worn)
 d - a +0 robe (worn)
Books
 a - a book of Geomancy

   Spells                             Type                      Level
   a - Sandblast                      Earth                        1
   b - Passwall                       Transmutation/Earth          2
   c - Stone Arrow                    Conjuration/Earth            3
   d - Petrify                        Transmutation/Earth          4
   e - Lee's Rapid Deconstruction     Earth                        5
 b - the Handbook of Rationality

   Spells                             Type                      Level
   a - Flame Tongue                   Conjuration/Fire             1
   b - Inner Flame                    Hexes/Fire                   3
Comestibles
 f - a bread ration
 g - a meat ration


   Skills:
   Level 2.1 Polearms
 - Level 1.0 Throwing
 + Level 2.2 Stealth
 - Level 1.1 Spellcasting
   Level 3.0 Necromancy
 + Level 1.0 Earth Magic


You couldn't memorise any spells.
You knew the following spells:

 Your Spells              Type           Power        Failure   Level  Hunger
a - Flame Tongue          Conj/Fire      #....        67%         1    ##.....
b - Sandblast             Erth           #.....       41%         1    ##.....


Dungeon Overview and Level Annotations

Branches:
Dungeon (4/15)
 Temple: D:4-7

Altars:
Ashenzari
Kikubaaqudgha
Okawaru


Message History

Unknown command.
You need a scroll of remove curse to do this.
As you read the scroll labeled QUOKUH CAYP, it crumbles to dust.
It is a scroll of enchant armour.
Your +0 buckler glows green for a moment.
You hit the orc priest but do no damage.
The orc priest barely misses you. The orc priest closely misses you.
You sock the orc priest!
The orc priest is severely wounded.
You block the orc priest's attack.
You hit the orc priest but do no damage.
The orc priest is severely wounded.
You barely miss the orc.
The orc priest calls down the wrath of Beogh upon you.
Pain shoots through your body! The orc hits you.
The orc hits you but does no damage.
You closely miss the orc. The orc hits you.
* * * LOW HITPOINT WARNING * * *
The orc hits you with a hand axe.
You die...

#.. .<.. #... .#.
#... .. #. #..##.#
.##.# #...%.#### .
...#+##........ ..
#.......ooo# ...
#.......o@.#
...##..........#
..............#
########..........#
#<................#
#######...........#
#...........#
#...........#
#.###########


You could see an orc priest and 3 orcs.

Vanquished Creatures
  A bat (D:2)
  A bat zombie (D:1)
  2 frilled lizards (D:2)
  A giant cockroach zombie (D:1)
5 creatures vanquished.

Notes
Turn   | Place    | Note
-------+----------+-------------------------------------------
     0 | D:1      | Demogavin the Human Wanderer began the quest for the Orb.
     0 | D:1      | Demogavin set off with: a book of Geomancy, the Handbook of Rationality, a +0 spear, a +0 robe, a +0 dagger, a bread ration
     0 | D:1      | Reached XP level 1. HP: 13/13 MP: 2/2
     4 | D:1      | Identified the Handbook of Rationality
     6 | D:1      | Learned a level 1 spell: Flame Tongue
     8 | D:1      | Learned a level 1 spell: Sandblast
   187 | D:2      | Found an iron altar of Okawaru.
   188 | D:2      | Found an ancient bone altar of Kikubaaqudgha.
   189 | D:2      | Found a shattered altar of Ashenzari.
   208 | D:2      | Became a worshipper of Ashenzari the Shackled
   505 | D:4      | Noticed an orc priest
   516 | D:4      | Slain by an orc

Vault maps used:
D:1:      saegor_arrival_fortress, minmay_small_reverse_x
D:2:      evilmike_ruin_ashenzari, grunt_temple_overflow_open, hex_large
D:3:      first_bread, fedhas_altar_2
D:4:      columned_hall_lemuel

Action                   || total
-------------------------++-------
Melee: Spear             ||    18
       Mace              ||     8
  Use: Scroll            ||     3
       Potion            ||     3
Armor: Robe              ||    11
Dodge: Dodged            ||    31
Block: Buckler           ||     1
